 Dungeon Crawl Stone Soup version 0.24-a0-613-g1ff6aac338 (webtiles) character file.

Game seed: 15881463091388430555, levelgen mode: deterministic

228 Mame the Chopper (level 6, 0/57 HPs)
             Began as a Hill Orc Monk on Sept 11, 2019.
             Was a Believer of Beogh.
             Slain by a phantom (3 damage)
             ... on level 4 of the Dungeon.
             The game lasted 00:07:37 (3350 turns).

Mame the Chopper (Hill Orc Monk)                    Turns: 3350, Time: 00:07:38

Health: 0/57       AC:  3    Str: 16    XL:     6   Next: 2%
Magic:  3/6        EV: 13    Int: 10    God:    Beogh [**....]
Gold:   119        SH:  0    Dex: 13    Spells: 5/5 levels left

rFire    . . .     SeeInvis .   a - +0 hand axe
rCold    . . .     Gourm    .   (no shield)
rNeg     . . .     Faith    .   b - +0 robe
rPois    .         Spirit   .   (no helmet)
rElec    .         Reflect  .   (no cloak)
rCorr    .         Harm     .   (no gloves)
MR       .....                  i - +0 pair of boots
Stlth    ++........             (no amulet)
HPRegen  0.19/turn              (no ring)
MPRegen  0.10/turn              (no ring)

@: no status effects
A: no striking features
a: Smiting, Renounce Religion


You were on level 4 of the Dungeon.
You worshipped Beogh.
Beogh was pleased with you.
You were not hungry.

You visited 1 branch of the dungeon, and saw 4 of its levels.

You collected 119 gold pieces.

Inventory:

Hand Weapons
 a - a +0 hand axe (weapon)
Missiles
 s - a stone (quivered)
Armour
 b - a +0 robe (worn)
 i - a +0 pair of boots (worn)
 l - a +0 leather armour
 o - a +0 plate armour
 t - a +0 scale mail
Jewellery
 g - an uncursed ring of flight {unknown}
 k - a cursed -3 ring of strength {unknown}
 m - a cursed amulet of inaccuracy {unknown}
 u - an uncursed amulet of the gourmand {unknown}
Scrolls
 f - 2 scrolls of fear
 h - a scroll of remove curse {unknown}
 j - 4 scrolls of teleportation {unknown}
 p - a scroll of magic mapping {unknown}
 q - 3 scrolls of identify {unknown}
Potions
 d - a potion of agility {unknown}
 e - a potion of flight {unknown}
 n - a potion of invisibility {unknown}
 r - 3 potions of curing {unknown}
Comestibles
 c - 8 rations


   Skills:
 + Level 5.7 Fighting
 * Level 7.1 Axes
 - Level 2.4 Dodging
 - Level 1.5 Stealth


You had 5 spell levels left.
You didn't know any spells.
Your spell library was empty.

Dungeon Overview and Level Annotations

Branches:
Dungeon (4/15)
 Temple: D:4-7

Altars:
Nemelex Xobeh


Message History

The phantom is lightly damaged.
The phantom hits you!
* * * LOW HITPOINT WARNING * * *
The phantom blinks!
You see here a frilled lizard corpse.
Okay, then.
You see here a +0 giant spiked club.
Aiming: Smiting
Press: ? - help, Dir - move target cursor, f - phantom Smite: a phantom (lightly damaged)
You smite the phantom!
The phantom is moderately damaged.
You hit the phantom.
The phantom is moderately damaged.
The phantom hits you.
* * * LOW HITPOINT WARNING * * *
You hit the phantom.
The phantom is heavily damaged.
The phantom hits you.
You die...

.............# #..........
.............#####..........
......................[.....
O...........................
........$)............### ##
......................#
W.........(..(........# ####
..........((%#......### ....
:.........W@(#......# ....
...........†(#......# ....
............#......# ...o
............#......# ....
............#......# ....
............#......# ....
#.....#######......########
#..... #..............
#..... ######.........


You could see a phantom.

Vanquished Creatures
  An ogre (D:4)
  Jessica (D:3)
  4 adders
  2 worms (D:2)
  A dart slug (D:2)
  A leopard gecko (D:1)
  4 orcs
  11 bats
  8 giant cockroaches
  9 goblins
  9 hobgoblins
  6 kobolds
  A quokka (D:3)
  A ball python (D:1)
  6 frilled lizards
  A jackal skeleton (D:4)
  6 rats
72 creatures vanquished.

Notes
Turn   | Place    | Note
-------+----------+-------------------------------------------
     0 | D:1      | Mame the Hill Orc Monk began the quest for the Orb.
     0 | D:1      | Reached XP level 1. HP: 19/19 MP: 1/1
    89 | D:1      | Reached XP level 2. HP: 27/27 MP: 2/2
   315 | D:1      | Reached XP level 3. HP: 26/34 MP: 3/3
   844 | D:2      | Reached skill level 5 in Axes
  1268 | D:2      | Reached XP level 4. HP: 31/41 MP: 4/4
  1676 | D:2      | Reached skill level 5 in Fighting
  3003 | D:3      | Found a sparkling altar of Nemelex Xobeh.
  3003 | D:3      | Noticed Jessica
  3008 | D:3      | Killed Jessica
  3008 | D:3      | Reached skill level 6 in Axes
  3008 | D:3      | Reached XP level 5. HP: 48/48 MP: 5/5
  3163 | D:4      | Became a worshipper of Beogh the Brigand
  3163 | D:4      | Reached * piety under Beogh
  3163 | D:4      | Reached ** piety under Beogh
  3316 | D:4      | Noticed a phantom
  3316 | D:4      | Noticed an ogre
  3336 | D:4      | Killed an ogre
  3336 | D:4      | Reached skill level 7 in Axes
  3336 | D:4      | Reached XP level 6. HP: 22/57 MP: 6/6
  3350 | D:4      | Slain by a phantom

Levels and vault maps discovered:
D:1:      dpeg_arrival_connections, layout_basic
D:2:      layout_basic
D:3:      layout_rooms, serial_rivers, chequers_serial_rivers_small_3,
          chequers_serial_rivers_micro_a, chequers_serial_rivers_micro_c,
          chequers_serial_rivers_micro_c, chequers_serial_rivers_marsh,
          chequers_serial_rivers_micro_c, minivault_25, corner_web_ring,
          nemelex_lonely_heart_becter
D:4:      layout_basic, first_ration, cheibrodos_sewer_entry_drain

Skill      XL: |  1  2  3  4  5 |
---------------+----------------+-----
Fighting       | 4 5 |  5.7
Axes           | 5 6 7 |  7.1
Dodging        | |  2.4
Stealth        | |  1.5

Action                   |  1- 3 |  4- 6 || total
-------------------------+-------+-------++-------
Melee: Hand axe          |    93 |   135 ||   228
Invok: Convert to Beogh  |       |     1 ||     1
       Smiting           |       |     1 ||     1
  Use: Scroll            |     1 |       ||     1
 Stab: Sleeping          |     6 |     5 ||    11
  Eat: Chunk             |     1 |     5 ||     6
       Ration            |       |     1 ||     1
Armor: Robe              |    21 |    24 ||    45
Dodge: Dodged            |    74 |    62 ||   136

Table legend:
 A = Non-vault XP
 B = Vault XP
 C = Vault XP percentage of total XP
 D = Non-vault monster count
 E = Vault monster count
 F = Vault count percentage of total count
                 A         B        C        D         E       F
            +---------+---------+-------+---------+---------+-------
      Total |     289 |      37 |  11.3 |      71 |       1 |   1.4
            +---------+---------+-------+---------+---------+-------
        D:1 |      46 |       0 |   0.0 |      28 |       0 |   0.0
        D:2 |      88 |       0 |   0.0 |      27 |       0 |   0.0
        D:3 |      23 |      37 |  61.7 |       6 |       1 |  14.3
        D:4 |     132 |       0 |   0.0 |      10 |       0 |   0.0
            +---------+---------+-------+---------+---------+-------
